AoeStats
← Cinnamoroll

Arena

506334733Analyzed
4v4 RM · 19d ago on Sep 13, 2026· 48m 22s· 8 players
Game mode
Random Map
Map size
Large (8 player)
Population
200
Speed
Normal
Resources
Standard
Victory
Conquest
Starting age
Dark Age
Ending age
Imperial Age
RankedLock teamsTeams togetherTeam positionsShared explorationLock speedFull tech treeHidden civsTurbo modeCheats
Victory
Defeat
🇺🇸 Vietnamese · United States
1713
+11
🇺🇸 Britons · United States
1588
+16
🇺🇸 Georgians · United States
1540
+18
🇨🇦 Persians · Canada
1505
+19
🇨🇳 Franks · China
1655
-19
🇨🇳 Vietnamese · China
1637
-18
🇨🇦 Spanish · Canada
1545
-14
🇨🇳 Persians · China
1521
-13
Cinnamoroll
12:13 Feudal Age
15:37 Castle Age
13:24 Double-Bit Axe
13:38 Horse Collar
17:47 Bow Saw
18:49 Loom
24:06 Town Watch
24:58 Wheelbarrow
30:30 Imperial Age
28:24 Sanctity
28:14 Fervor
28:15 Gold Mining
28:30 Heavy Plow
29:30 Scale Barding Armor
29:27 Inquisition
29:59 Redemption
30:15 Bloodlines
30:06 Husbandry
30:18 Fletching
30:29 Padded Archer Armor
30:43 Stone Mining
31:30 Block Printing
32:52 Theocracy
32:43 Illumination
32:51 Elite Skirmisher
33:47 Leather Archer Armor
33:28 Bodkin Arrow
33:54 Chain Barding Armor
34:42 Hand Cart
35:08 Ring Archer Armor
37:13 Ballistics
37:04 Masonry
37:42 Pikeman
38:23 Squires
38:52 Halberdier
39:34 Scale Mail Armor
39:44 Forging
39:34 Bracer
40:43 Chain Mail Armor
41:32 Iron Casting
42:31 Plate Mail Armor
44:47 Imperial Skirmisher
缀夜星真可爱
11:21 Feudal Age
12:08 Double-Bit Axe
15:11 Castle Age
13:19 Horse Collar
16:27 Bow Saw
18:27 Scale Mail Armor
18:52 Squires
29:15 Wheelbarrow
30:16 Hand Cart
31:25 Gold Mining
32:20 Stone Mining
35:34 Imperial Age
32:51 Treadmill Crane
33:43 Fletching
34:16 Ballistics
34:43 Heavy Plow
34:31 Loom
34:31 Town Watch
34:48 Bodkin Arrow
34:54 Padded Archer Armor
34:31 Elite Skirmisher
35:17 Thumb Ring
36:16 Leather Archer Armor
35:38 Imperial Skirmisher
36:06 Pikeman
37:04 Chain Mail Armor
37:01 Forging
36:41 Halberdier
38:31 Plate Mail Armor
39:03 Iron Casting
38:49 Capped Ram
40:18 Arson
41:43 Chemistry
42:00 Murder Holes
42:46 Coinage
42:25 Siege Engineers
44:06 Banking
44:48 Bombard Tower
46:41 Elite Fire Lancer
国服总指挥
10:38 Feudal Age
14:27 Castle Age
12:59 Double-Bit Axe
15:55 Bow Saw
21:21 Wheelbarrow
22:06 Town Watch
23:12 Hand Cart
23:16 Loom
23:38 Gold Mining
26:17 Gold Shaft Mining
28:27 Imperial Age
26:44 Scale Barding Armor
26:49 Forging
27:36 Forging
27:47 Chain Barding Armor
28:58 Iron Casting
28:46 Husbandry
29:29 Conscription
28:31 Cavalier
29:47 Plate Barding Armor
29:40 Chivalry
30:48 Blast Furnace
29:41 Cavalier
30:33 Paladin
35:35 Chemistry
34:26 Fletching
35:15 Bodkin Arrow
37:10 Siege Engineers
37:37 Scale Mail Armor
38:55 Masonry
38:42 Pikeman
39:22 Squires
39:40 Chain Mail Armor
39:14 Halberdier
39:41 Arson
41:01 Architecture
40:42 Fortified Wall
40:28 Murder Holes
40:50 Stone Mining
42:57 Heavy Scorpion
44:46 Ballistics
46:09 Padded Archer Armor
Boar
10:28 Feudal Age
11:17 Double-Bit Axe
12:01 Horse Collar
14:49 Castle Age
16:20 Bow Saw
20:14 Heavy Plow
21:31 Wheelbarrow
21:09 Loom
24:15 Stone Mining
25:13 Gold Mining
26:39 Hand Cart
29:15 Imperial Age
27:45 Stone Shaft Mining
27:25 Scale Barding Armor
27:31 Forging
27:37 Forging
28:53 Gold Shaft Mining
28:57 Husbandry
29:08 Bloodlines
29:23 Chain Barding Armor
30:09 Conscription
30:31 Iron Casting
30:58 Plate Barding Armor
30:25 Elite War Elephant
32:16 Two-Man Saw
31:56 Crop Rotation
32:15 Squires
31:36 Pikeman
33:00 Devotion
32:40 Halberdier
33:23 Scale Mail Armor
34:25 Blast Furnace
34:30 Chain Mail Armor
36:57 Plate Mail Armor
38:20 Fletching
40:07 Light Cavalry
41:37 Hussar
48:58 Hoardings
Eat_Rice
10:51 Feudal Age
15:16 Castle Age
13:52 Double-Bit Axe
14:41 Horse Collar
16:53 Bow Saw
16:43 Gold Mining
18:22 Horse Collar
22:21 Loom
33:57 Wheelbarrow
36:15 Pikeman
36:55 Squires
37:03 Scale Mail Armor
37:14 Forging
38:26 Chain Mail Armor
40:41 Iron Casting
45:45 Ballistics
48:44 Heavy Plow
Quix
11:21 Feudal Age
12:11 Double-Bit Axe
14:55 Castle Age
13:10 Horse Collar
15:53 Bow Saw
16:19 Wheelbarrow
16:40 Fletching
22:49 Heavy Plow
22:57 Loom
23:47 Bodkin Arrow
24:41 Padded Archer Armor
25:46 Gold Mining
27:07 Ballistics
27:32 Hand Cart
27:02 Town Watch
31:05 Imperial Age
29:07 Scale Mail Armor
28:29 Pikeman
29:09 Squires
30:05 Chain Mail Armor
30:23 Leather Archer Armor
31:03 Stone Mining
31:49 Bracer
32:50 Chemistry
32:19 Paper Money
31:41 Halberdier
32:33 Forging
35:16 Plate Mail Armor
35:58 Siege Engineers
38:28 Ring Archer Armor
38:35 Iron Casting
38:30 Ring Archer Armor
38:03 Treadmill Crane
39:50 Crossbowman
40:35 Thumb Ring
40:25 Arbalester
42:18 Capped Ram
45:52 Caravan
46:02 Arson
48:29 Two-Man Saw
48:08 Crop Rotation
48:16 Murder Holes
49:05 Stone Shaft Mining
Darth Yoda
10:25 Feudal Age
15:00 Castle Age
13:04 Double-Bit Axe
13:15 Horse Collar
15:56 Bow Saw
18:36 Wheelbarrow
20:17 Heavy Plow
22:12 Loom
22:24 Gold Mining
23:22 Stone Mining
24:12 Hand Cart
29:32 Imperial Age
27:17 Husbandry
28:13 Scale Barding Armor
28:19 Forging
29:51 Elite Monaspa
30:52 Chain Barding Armor
30:57 Conscription
32:14 Plate Barding Armor
32:53 Iron Casting
33:13 Bloodlines
34:16 Aznauri Cavalry
35:16 Blast Furnace
40:39 Block Printing
41:48 Light Cavalry
45:33 Coinage
45:25 Hussar
小三輪司機
10:35 Feudal Age
14:51 Castle Age
13:04 Double-Bit Axe
13:48 Horse Collar
24:12 Wheelbarrow
25:12 Loom
25:42 Gold Mining
28:53 Gold Shaft Mining
29:02 Hand Cart
29:05 Bow Saw
31:47 Imperial Age
29:36 Heavy Plow
30:23 Scale Barding Armor
30:15 Town Watch
31:50 Elite War Elephant
32:52 Masonry
32:55 Forging
33:04 Bloodlines
33:25 Conscription
33:36 Citadels
34:04 Chain Barding Armor
33:47 Husbandry
33:40 Stone Mining
34:34 Architecture
35:48 Plate Barding Armor
36:45 Iron Casting
39:41 Blast Furnace
Connection lost

Rejoining the realm…

Still unreachable

The connection could not be restored.

Session expired

The server has moved on; the page needs a fresh start.